Map: Traitor's Exile

Players

deathmonkey

  • Race: Protoss Protoss
  • League: Diamond
  • Spawn Location: 6:00

Superskunk

  • Race: Protoss Protoss
  • Spawn Location: 5:00

Nightmare - Winner!

  • Race: Protoss Protoss
  • Spawn Location: 9:00

XxDepravity - Winner!

  • Race: Zerg Zerg
  • League: Platinum
  • Spawn Location: 12:00

VOD

Have the link to the VOD?

Description

Holding some Early stuff

Time

  • Played on: June 14, 2019, 7:32 p.m.
  • Length: 11:57
Show
View Real Time Build Order
Export as new Build Order

deathmonkey Protoss 

Build Orders:  

Get SALT Encoding   

  12  0:01  Probe  
  13  0:13  Probe  
  14  0:18  Pylon  
  14  0:25  Probe  
  15  0:37  Probe  
  16  0:47  Gateway  
  16  0:51  Gateway  
  16  1:07  Gateway  
  16  1:11  Probe  
  16  1:12  Assimilator  
  17  1:23  Probe  
  17  1:25  Pylon  
  18  1:33  Zealot  
  18  1:36  Probe  
  18  1:38  Zealot  
  23  1:49  Cybernetics Core  
  23  1:55  Zealot  
  25  2:02  Zealot  
  27  2:09  Zealot  
  29  2:17  Pylon  
  29  2:25  Stalker  
  31  2:34  Stalker  
  33  2:40  Adept  
  35  2:46  Adept  
  35  2:48  Pylon  
  37  3:04  Stalker  
  39  3:15  Stalker  
  39  3:17  Zealot  
  43  3:24  Pylon  
  43  3:34  Adept  
  41  4:04  Stalker  
  41  4:05  Stalker, Zealot  
  47  4:34  Zealot  
  47  4:36  Probe  
  50  4:51  Nexus  
  9  5:44  Probe  
  6  5:52  Probe  
  7  6:02  Warp Gate, Probe  
  7  6:03  Probe  
  7  6:11  Probe  
  7  6:14  Probe  
  9  6:37  Probe  
  9  6:38  Probe  
  9  6:45  Probe  
  9  6:46  Probe  
  9  6:55  Probe  
  8  7:13  Probe  
  8  7:15  Probe  
  8  7:21  Probe  
  10  7:23  Probe  
  12  7:35  Probe  
  13  7:39  Probe  
  14  7:47  Probe  
  14  7:49  Probe  
  14  7:50  Stalker x2  
  14  7:51  Stalker  
  22  7:57  Probe  
  22  7:59  Probe  
  22  8:05  Probe  
  24  8:11  Probe  
  18  8:20  Probe  
  18  8:23  Pylon  
  19  8:28  Probe  
  18  8:43  Zealot  
  2  10:09  Probe  
  3  10:22  Probe  
  3  10:28  Probe  
  5  10:33  Probe  
  5  10:45  Probe  
  4  10:50  Pylon  
Show
View Real Time Build Order
Export as new Build Order

Superskunk Protoss 

Build Orders:  

Get SALT Encoding   

  12  0:00  Probe  
  13  0:13  Probe  
  14  0:18  Pylon  
  14  0:25  Probe  
  15  0:37  Probe  
  15  0:40  Gateway  
  16  0:44  Assimilator  
  16  0:49  Probe  
  17  1:01  Probe  
  17  1:03  Gateway  
  18  1:13  Probe  
  19  1:24  Zealot  
  19  1:25  Probe  
  20  1:30  Pylon  
  20  1:33  Cybernetics Core  
  22  1:50  Zealot  
  22  1:52  Zealot  
  26  2:01  Pylon  
  26  2:13  Twilight Council  
  26  2:16  Pylon  
  26  2:20  Zealot, Charge  
  26  2:22  Zealot  
  30  2:31  Probe  
  31  2:47  Zealot, Probe  
  31  2:49  Zealot  
  36  2:59  Probe  
  37  3:19  Nexus  
  37  3:22  Probe  
  38  3:34  Stargate  
  38  3:38  Assimilator  
  38  3:39  Probe  
  39  4:18  Probe  
  39  4:20  Void Ray, Zealot x2  
  44  4:30  Probe  
  49  4:41  Probe  
  49  4:42  Probe  
  49  4:43  Assimilator  
  50  4:48  Assimilator  
  50  4:50  Probe  
  51  4:54  Probe  
  53  5:00  Probe  
  53  5:03  Phoenix  
  53  5:07  Probe  
  57  5:12  Probe  
  58  5:19  Probe  
  59  5:24  Probe  
  59  5:25  Pylon  
  59  5:26  Pylon  
  59  5:28  Phoenix  
  62  5:43  Probe x2  
  64  5:52  Phoenix  
  64  5:57  Probe x2  
  68  6:09  Probe  
  63  6:19  Probe  
  63  6:21  Phoenix  
  64  6:30  Probe  
  65  6:33  Probe  
  66  6:42  Zealot x2, Probe  
  54  7:25  Phoenix  
  56  7:30  Fleet Beacon  
  56  7:33  Stargate  
  56  7:35  Protoss Air Weapons Level 1  
  56  7:38  Stargate  
  56  7:46  Phoenix  
  56  7:48  Probe x2  
  49  8:11  Phoenix x2  
  46  8:17  Anion Pulse-Crystals  
  50  8:24  Zealot x2  
  50  8:26  Cybernetics Core  
  54  8:28  Pylon  
  54  8:32  Probe  
  55  8:34  Probe  
  56  8:44  Probe  
  57  8:54  Probe  
  54  9:15  Oracle x3  
  50  9:19  Zealot x2  
  57  9:42  Probe x2  
  57  9:47  Phoenix  
  57  9:48  Phoenix x2  
  63  9:54  Probe  
  64  10:14  Probe  
  64  10:15  Probe  
  64  10:19  Carrier x2  
  78  10:27  Zealot x2, Probe x2  
  84  10:39  Probe  
  81  10:50  Probe  
  81  10:51  Probe  
  81  10:54  Zealot  
  85  11:02  Pylon, Probe  
  86  11:10  Shield Battery  
  86  11:12  Forge  
  86  11:20  Zealot  
Show
View Real Time Build Order
Export as new Build Order

Nightmare Protoss - Winner!

Build Orders: Oracle Opening 

Get SALT Encoding   

  1  0:00  Probe  
  12  0:05  Probe  
  14  0:15  Probe  
  15  0:27  Pylon  
  15  0:45  Probe  
  15  0:46  Gateway  
  16  0:52  Assimilator  
  16  0:57  Probe  
  16  1:03  Gateway  
  17  1:06  Forge  
  17  1:07  Probe  
  18  1:15  Probe  
  18  1:22  Assimilator  
  18  1:25  Probe  
  19  1:32  Pylon  
  20  1:39  Cybernetics Core  
  20  1:42  Probe  
  21  1:55  Probe  
  21  1:58  Photon Cannon  
  22  2:07  Probe  
  23  2:16  Pylon  
  23  2:23  Photon Cannon  
  23  2:34  Photon Cannon  
  23  2:35  Shield Battery  
  23  2:41  Stargate  
  23  2:47  Stargate  
  23  3:12  Photon Cannon  
  23  3:14  Oracle  
  23  3:19  Photon Cannon  
  26  3:40  Oracle  
  29  4:03  Pylon  
  29  4:16  Pylon  
  29  4:18  Pylon  
  29  4:25  Void Ray  
  29  4:26  Pylon  
  29  4:33  Void Ray  
  32  5:25  Probe  
  27  5:34  Probe  
  27  5:42  Void Ray  
  30  5:43  Probe  
  26  6:05  Pylon  
  26  6:08  Pylon  
  26  6:11  Pylon  
  26  6:13  Void Ray  
  26  6:23  Probe  
  31  6:35  Probe  
  32  6:47  Probe  
  33  6:59  Probe  
  34  7:11  Probe  
  35  7:21  Probe  
  35  7:29  Probe  
  36  7:34  Void Ray  
  41  7:38  Probe  
  42  7:50  Probe  
  37  8:16  Void Ray  
  37  8:19  Probe  
  42  8:30  Probe  
  43  8:38  Probe  
  43  8:46  Probe  
  45  9:04  Void Ray  
  29  9:29  Void Ray  
  29  9:45  Nexus  
  29  9:53  Void Ray  
  33  10:22  Gateway  
  33  10:29  Void Ray  
  37  10:55  Probe  
  37  10:56  Probe  
  37  10:57  Assimilator  
  37  11:02  Assimilator  
  37  11:04  Probe x2  
  41  11:13  Probe  
  41  11:14  Probe  
  43  11:25  Probe  
  43  11:26  Probe  
Show
View Real Time Build Order
Export as new Build Order

XxDepravity Zerg - Winner!

Build Orders: Hatch First 

Get SALT Encoding   

  12  0:05  Drone  
  13  0:13  Overlord  
  13  0:18  Drone  
  14  0:31  Drone x2  
  16  0:37  Drone  
  17  1:00  Hatchery  
  17  1:01  Drone  
  17  1:02  Drone  
  18  1:15  Extractor  
  17  1:18  Spawning Pool  
  17  1:20  Drone  
  17  1:23  Drone  
  18  1:38  Drone  
  19  1:42  Overlord  
  19  1:52  Overlord  
  19  2:03  Drone  
  19  2:06  Queen  
  22  2:17  Queen  
  24  2:23  Metabolic Boost  
  24  2:29  Drone x4  
  28  2:52  Spore Crawler  
  28  2:58  Queen  
  27  3:05  Drone  
  30  3:07  Hatchery  
  30  3:11  Drone x3  
  32  3:14  Drone  
  32  3:19  Overlord  
  33  3:30  Drone x4  
  33  3:32  Drone  
  38  3:40  Zergling x4  
  40  3:49  Zergling x2  
  40  3:50  Zergling x6  
  40  3:51  Extractor  
  43  3:56  Zergling x2  
  42  4:11  Zergling x2  
  42  4:12  Zergling x4  
  41  4:18  Zergling x2  
  41  4:19  Zergling x4  
  39  4:24  Zergling x2  
  39  4:25  Zergling x4  
  30  4:39  Zergling x2  
  26  4:52  Queen  
  26  4:53  Queen  
  29  5:11  Baneling Nest  
  29  5:13  Zergling x12  
  34  5:32  Spore Crawler  
  33  5:37  Drone x2  
  33  5:38  Zergling x2  
  36  5:52  Queen  
  36  5:53  Queen  
  40  5:58  Baneling x2  
  40  5:59  Baneling x3, Zergling x2  
  40  6:00  Zergling x8  
  43  6:11  Zergling x4  
  43  6:12  Zergling x8  
  43  6:15  Zergling x2  
  45  6:25  Zergling x2  
  45  6:26  Zergling x2  
  45  6:32  Spore Crawler  
  41  6:37  Queen  
  41  6:39  Queen  
  45  6:43  Baneling x2  
  42  6:54  Zergling x2  
  42  6:55  Zergling x6  
  35  7:08  Zergling x2  
  32  7:26  Queen  
  32  7:29  Queen  
  36  7:36  Drone  
  37  8:00  Baneling  
  37  8:07  Zergling x12  
  42  8:18  Zergling x2  
  42  8:19  Zergling x6  
  44  8:34  Zergling x2  
  44  8:35  Zergling x4  
  44  8:42  Zergling x4  
  44  9:10  Zergling x10  
  49  9:18  Drone  
  48  9:50  Zergling x8  
  52  9:57  Overlord x2  
  51  10:03  Zergling x2  
  51  10:04  Zergling x8  
  51  10:07  Drone  
  42  10:19  Baneling  
  42  10:20  Baneling x2, Zergling x2  
  42  10:21  Zergling x2  
  44  10:31  Zergling x4  
  44  10:40  Zergling x2  
  44  10:41  Zergling x2  
  45  10:47  Drone  
  44  11:06  Zergling x2  
  44  11:07  Zergling x4  
  43  11:32  Drone  
  43  11:33  Drone x3  
Tags
 
Add a new tag
Caveats
  • Supply blocks, unpowered buildings, or Contaminate may cause inaccurate times.
  • Supply counts are checked every 10 seconds.